Map: Abyssal Reef LE

Players

Nerchio - Winner!

  • Race: Zerg Zerg
  • League: Grandmaster
  • Spawn Location: 11:00

Minatoeh (Minato)

  • Race: Zerg Zerg
  • League: Master
  • Spawn Location: 5:00

Event: WESG Barcelona European Finals 2017

VOD

Have the link to the VOD?

Description

Time

  • Played on: Nov. 25, 2017, 11:53 a.m.
  • Length: 6:36

All games in this series

Show
View Real Time Build Order
Export as new Build Order

Nerchio Zerg - Winner!

Build Orders: Hatch First 

Get SALT Encoding   

  12  0:00  Drone  
  13  0:12  Overlord  
  13  0:17  Drone  
  14  0:31  Drone x2  
  14  0:35  Drone  
  17  0:52  Hatchery  
  17  0:55  Drone  
  17  1:08  Spawning Pool  
  16  1:11  Extractor  
  16  1:13  Drone  
  16  1:17  Drone  
  17  1:20  Drone  
  18  1:28  Drone  
  19  1:47  Overlord  
  19  1:54  Queen  
  19  1:55  Zergling x2  
  22  2:04  Queen  
  22  2:05  Drone  
  25  2:08  Zergling x2  
  25  2:14  Zergling x2, Spine Crawler  
  26  2:18  Zergling x2  
  27  2:24  Baneling Nest  
  27  2:26  Zergling x2  
  28  2:30  Zergling x2  
  28  2:41  Queen  
  30  2:47  Overlord  
  27  2:59  Zergling x8  
  27  3:04  Zergling x2  
  27  3:05  Zergling x2  
  26  3:10  Zergling x2  
  26  3:13  Zergling x2  
  26  3:14  Zergling x2  
  26  3:17  Baneling  
  26  3:18  Baneling  
  25  3:24  Drone x2  
  25  3:35  Queen  
  25  3:39  Drone  
  27  3:41  Drone  
  27  3:44  Baneling x2  
  27  3:52  Queen  
  29  3:56  Drone  
  29  3:59  Drone  
  31  4:03  Drone  
  31  4:05  Drone  
  31  4:08  Drone  
  34  4:10  Drone  
  34  4:14  Drone  
  34  4:15  Drone  
  37  4:19  Overlord  
  37  4:23  Drone  
  38  4:25  Drone  
  38  4:28  Drone  
  40  4:32  Overlord  
  40  4:39  Drone, Evolution Chamber  
  40  4:43  Drone x2  
  40  4:44  Drone  
  43  4:46  Drone  
  43  4:52  Roach Warren  
  43  4:53  Drone  
  43  4:56  Drone  
  45  5:00  Drone x2, Extractor  
  45  5:03  Drone  
  47  5:09  Drone  
  47  5:10  Drone  
  49  5:23  Extractor  
  48  5:28  Hatchery  
  48  5:31  Drone  
  48  5:32  Drone x2  
  50  5:37  Overlord  
  50  5:39  Drone  
  50  5:40  Drone  
  50  5:42  Baneling x2  
  52  5:44  Roach  
  52  5:48  Roach x2  
  58  5:50  Overlord  
  58  5:56  Roach x2  
  58  5:57  Roach  
  64  5:59  Roach  
  64  6:02  Overlord  
  66  6:10  Roach x3  
  72  6:15  Roach x2  
  80  6:34  Hatchery  
Show
View Real Time Build Order
Export as new Build Order

Minatoeh Zerg 

Build Orders: 1 Base Baneling Bust, Pool First, Zergling Baneling 

Get SALT Encoding   

  12  0:00  Drone  
  13  0:15  Extractor  
  12  0:24  Spawning Pool  
  11  0:30  Drone  
  11  0:33  Drone  
  13  0:38  Drone  
  14  0:50  Overlord  
  14  1:10  Zergling x2, Queen  
  17  1:18  Metabolic Boost  
  17  1:23  Zergling x2  
  19  1:32  Zergling x2  
  19  1:39  Baneling Nest  
  18  1:42  Zergling x2  
  18  1:46  Zergling x2  
  20  1:56  Overlord  
  20  2:08  Zergling x4  
  22  2:19  Zergling x4  
  22  2:20  Zergling x2  
  25  2:23  Baneling  
  25  2:28  Baneling  
  25  2:29  Baneling  
  25  2:31  Baneling  
  25  2:34  Baneling  
  25  2:37  Zergling x2  
  25  2:42  Zergling x2  
  24  3:00  Zergling x6  
  24  3:08  Zergling x2  
  25  3:19  Zergling x2  
  25  3:21  Baneling x2  
  25  3:25  Zergling x2  
  26  3:39  Zergling x2  
  19  3:49  Hatchery  
  19  3:50  Baneling  
  19  3:52  Baneling  
  18  3:57  Drone  
  18  4:02  Drone  
  20  4:07  Drone  
  21  4:13  Drone  
  22  4:17  Drone  
  22  4:21  Drone  
  24  4:26  Drone  
  24  4:28  Drone  
  26  4:36  Overlord  
  26  4:48  Zergling x6  
  29  5:00  Zergling x2  
  29  5:02  Zergling x2  
  31  5:17  Zergling x10  
  31  5:20  Baneling x5  
  31  5:21  Baneling  
  36  5:24  Zergling x2  
  36  5:28  Zergling x2  
  38  5:34  Zergling x2  
  39  5:38  Zergling x2  
  40  5:46  Zergling x2  
  40  5:51  Zergling x2  
  40  5:53  Baneling x5  
  40  5:56  Zergling x4  
Tags
 
Add a new tag
Caveats
  • Supply blocks, unpowered buildings, or Contaminate may cause inaccurate times.
  • Supply counts are checked every 10 seconds.